 Dungeon Crawl Stone Soup version 0.31-a0-803-g95b03c3367 (webtiles) character file.

Game seed: 3413707126090189053

16 Dirtsage the Cutter (level 2, -14/16 HPs)
             Began as a Vine Stalker Fighter on Sept 20, 2023.
             Engulfed by a cloud of flame (18 damage)
             ... on level 1 of the Dungeon.
             The game lasted 00:00:50 (416 turns).

Dirtsage the Cutter (Vine Stalker Fighter)           Turns: 416, Time: 00:00:51

Health: -14/16     AC:  7    Str: 18    XL:     2   Next: 54%
Magic:  0/3        EV:  9    Int:  8    God:
Gold:   74         SH:  4    Dex: 13    Spells: 1/1 levels left

rFire   . . .        a - +0 rapier
rCold   . . .        c - +0 buckler
rNeg    . . .        b - +0 scale mail
rPois   .            f - +0 helmet
rElec   .            (no cloak)
rCorr   .            (no gloves)
SInv    .            (no boots)
Will    .....        (no amulet) Stlth
                     (no ring)
HPRegen 1.02/turn    (no ring)
MPRegen 0.08/turn

%: guardian spirit
@: no status effects
A: fangs 2, regeneration 1, magic shield, antimagic bite, no potion heal 2
a: no special abilities


You were on level 1 of the Dungeon.
You visited 1 branch of the dungeon, and saw 1 of its levels.

You collected 74 gold pieces.

Inventory:

Hand Weapons
 a - a +0 rapier (weapon)
Armour
 b - a +0 scale mail (worn)
 c - a +0 buckler (worn)
 f - a +0 helmet (worn)
Scrolls
 i - a scroll of identify {unknown}
Potions
 d - a potion of might
 e - a potion of haste {unknown}
 g - 3 potions of curing {unknown}
 h - a potion of degeneration {unknown}


   Skills:
 - Level 2.6 Fighting
 + Level 2.8 Short Blades
 - Level 2.4 Armour
 - Level 2.6 Shields


You had one spell level left.
You didn't know any spells.
Your spell library was empty.

Dungeon Overview and Level Annotations

Branches:
Dungeon (1/15)

Altars:


Innate Abilities, Weirdness & Mutations

You have extremely sharp teeth.
Your natural rate of healing is unusually fast.
When hurt, damage is shared between your health and your magic reserves.
Your bite disrupts and absorbs the magic of your enemies.
Potions cannot restore your health.


Message History

You start putting on your armour.
You continue putting on your +0 helmet. x4
You finish putting on your +0 helmet.
You now have 67 gold pieces (gained 11).
A rat comes into view.
MP restored: 3 You hit the rat.
You kill the rat!
No target in view!
g - a red potion You see here a rat corpse.
h - a glowing red potion You see here a rat corpse.
You now have 74 gold pieces (gained 7).
g - 3 red potions (gained 2)
Found a stone staircase leading down.
No target in view!
No target in view!
There is a stone staircase leading down here.
An endoplasm comes into view.
The endoplasm quivers.
You hit the endoplasm but do no damage.
The endoplasm hits you but does no damage.
You hit the endoplasm.
The endoplasm is heavily wounded.
The endoplasm barely misses you.
You hit the endoplasm. You bite the endoplasm.
You kill the endoplasm!
No target in view!
i - a scroll labelled ESUEJE VEUM A hobgoblin comes into view.
The hobgoblin shouts!
Unknown command.
Okay, then.
You are engulfed in blazing flames.
Ouch! That really hurt!
* * * LOW HITPOINT WARNING * * *
You take 12 damage, and have 4/16 hp.
MASSIVE DAMAGE!!
You now have 1/3 mp.
You are engulfed in blazing flames.
Ouch! That really hurt!
You die...

#.......... #§☼.#
####.####.# #§..# #.#
#.# ######...########.#
#.#
#..§§..!$.§§......####.#
§☼§.?|$.§☼...##......#
..?$[..§☼..#########
#...#####.# #§@.# #.#
#☼☼§# #.# #☼§§# #.#
#...#####.# ##........#
##########


There were no monsters in sight!

Vanquished Creatures
  2 dart slugs (D:1)
  4 endoplasms (D:1)
  A kobold (D:1)
  A quokka (D:1)
  A ball python (D:1)
  2 rats (D:1)
11 creatures vanquished.

Notes
Turn   | Place    | Note
-------+----------+-------------------------------------------
     0 | D:1      | Dirtsage the Vine Stalker Fighter began the quest for the
                  | Orb.
     0 | D:1      | Reached XP level 1. HP: 11/11 MP: 2/2
   142 | D:1      | Reached XP level 2. HP: 14/16 MP: 1/3
   416 | D:1      | Engulfed by a cloud of flame

Illustrated notes

Levels and vault maps discovered:
D:1:      ncdulo_halloftheorcs, layout_basic, minmay_misc_feat_nine_boxes,
          nicolae_kite_square_tiling_tiny, lemuel_flame_loot_1

Skill      XL: |  1 |
---------------+----+-----
Short Blades   | 2 |  2.8
Fighting       | |  2.6
Armour         | |  2.4
Shields        | |  2.6

Action                     || total
---------------------------++-------
  Melee: Rapier            ||    28
         Bite              ||     7
 Armour: Scale mail        ||    15
  Dodge: Dodged            ||     9
  Block: Buckler           ||     3

Table legend: (Time is in decaauts)
 A = Elapsed time spent in this place.
 B = Non-inter-level travel time spent in this place.
 C = Inter-level travel time spent in this place.
 D = Time resting spent in this place.
 E = Time spent auto-exploring this place.
 F = Levels seen in this place.
 G = Mean time per level.
                   A        B        C        D        E       F      G
               +--------+--------+--------+--------+--------+-----+--------+
         Total |    418 |    414 |      4 |      0 |    322 |   1 |  418.0 |
       Dungeon |    418 |    414 |      4 |      0 |    322 |   1 |  418.0 |
               +--------+--------+--------+--------+--------+-----+--------+

Top non-repeatable levels by time:
     D:1: 418 daAuts
